 Dungeon Crawl Stone Soup version 0.15-a0-895-g19c7863 (console) character file.

416 OgreMage the Gouger (level 6, 0/28 HPs)
             Began as a Felid Berserker on May 19, 2014.
             Was a Priest of Trog.
             Slain by a black bear skeleton (3 damage)
             ... on Level 5 of the Dungeon.
             The game lasted 00:08:31 (1575 turns).

OgreMage the Gouger (Felid Berserker)               Turns: 1575, Time: 00:08:31

HP   0/28        AC  2     Str 15      XL: 6   Next: 60%
MP  10/10        EV 19     Int  9      God: Trog [***...]
Gold 136         SH  0     Dex 15      Spells:  0 memorised,  5 levels left
Lives: 0, deaths: 1

rFire  . . .     SeeInvis +       - Unarmed
rCold  . . .     Clarity  .     (armour unavailable)
rNeg   . . .     Conserve .     (shield unavailable)
rPois  .         rCorr    .     (helmet unavailable)
rElec  .         rRot     .     (cloak unavailable)
SustAb .         Spirit   .     (gloves unavailable)
rMut   .         Warding  .     (boots unavailable)
Gourm  .         Stasis   .     (no amulet)
MR     .....                    (no ring)
                                (no ring)

@: quick, not resistant to hostile enchantments, unstealthy
A: paw claws, no armour, no weapons or thrown items, fangs 3, see invisible,
carnivore 3, speed 1, shaggy fur 2, slow metabolism 1, jump 2
a: Jump Attack, Burn Spellbooks, Berserk, Trog's Hand, Renounce Religion


You were on level 5 of the Dungeon.
You worshipped Trog.
Trog was most pleased with you.
You were very hungry.

You visited 1 branch of the dungeon, and saw 6 of its levels.

You collected 136 gold pieces.

Inventory:

Magical devices
 m - a wand of frost (17)
Comestibles
 c - a meat ration
Scrolls
 a - a scroll of fog {unknown}
 b - 2 scrolls of fear {unknown}
 d - a scroll of noise {unknown}
 f - a scroll of teleportation {unknown}
 h - a scroll of amnesia {unknown}
 i - 2 scrolls of enchant weapon I {unknown}
Potions
 e - 2 potions of haste
 g - a potion of invisibility
 j - 2 potions of restore abilities
 k - a potion of curing
 l - a potion of brilliance
 n - a potion of lignification


   Skills:
 - Level 3.0 Fighting
 + Level 4.0 Dodging
 * Level 8.2 Unarmed Combat


You had 5 spell levels left.
You didn't know any spells.

Dungeon Overview and Level Annotations

Branches:
Dungeon (6/15)             Temple (0/1) D:5

Altars:
Gozag
Trog

Annotations:
D:2 Sigmund
D:5 Eustachio; OgreMage's ghost, experienced OgBe


Innate Abilities, Weirdness & Mutations

You cannot wear armour.
You are incapable of wielding weapons or throwing items.
Your paws have sharp claws.
You have razor-sharp teeth.
You have supernaturally acute eyesight.
You are carnivorous and can eat meat at any time.
You cover ground quickly.
You are covered in thick fur (AC +2).
You have a slow metabolism.
You can jump attack at a medium distance.


Message History

You climb downwards.
A giant frog and a zombie come into view.
Found two items.
Found a stone staircase leading down.
There is a stone staircase leading up here.
You climb upwards.
Level annotation: Eustachio; OgreMage's ghost, experienced OgBe
There is a stone staircase leading down here.
Drink which item? (? for menu, Esc to quit)
Okay, then.
You barely miss the black bear skeleton.
You claw the black bear skeleton, but do no damage.
The black bear skeleton completely misses you.
The black bear skeleton misses you.
The black bear skeleton closely misses you.
You claw the black bear skeleton! You bite the black bear skeleton.
The black bear skeleton bites you.
* * * LOW HITPOINT WARNING * * *
The black bear skeleton barely misses you.
The black bear skeleton claws you.
You die...

##........................
#........%.................
#...........................
............................
............^..............o.
............<................
............................Z
............................
................@Z..........
...........>...........(....
...........................
...................#######
..................##....
.................##......
...#.............#.......
...##...........##....#..
...###..........##...###.w


You could see a black bear skeleton.

Vanquished Creatures
  An ice beast (D:5)
  An ogre (D:4)
  A scorpion (D:5)
  2 orc priests (D:4)
  An orc wizard (D:4)
  A worker ant (D:5)
  The ghost of OgreMage the Cudgeler, a weakling OgFi (D:3)
  A hound skeleton (D:4)
  4 gnolls (D:4)
  5 adders
  An inept feature mimic (D:5)
  A worm (D:4)
  5 giant geckos
  An ooze (D:2)
  5 orcs
  17 bats
  4 giant cockroaches
  3 goblins
  4 hobgoblins
  4 jackals
  2 quokkas
  A giant gecko skeleton (D:4)
  2 giant newts
  7 kobolds
  An orc zombie (D:4)
  4 rats
80 creatures vanquished.

Notes
Turn   | Place    | Note
--------------------------------------------------------------
     0 | D:1      | OgreMage, the Felid Berserker, began the quest for the Orb.
     0 | D:1      | Reached XP level 1. HP: 10/10 MP: 2/2
   177 | D:1      | Reached XP level 2. HP: 8/14 MP: 3/3
   333 | D:2      | Reached XP level 3. HP: 17/17 MP: 5/5
   370 | D:2      | Acquired Trog's second power
   529 | D:3      | Noticed OgreMage's ghost (weakling OgFi)
   535 | D:3      | Killed OgreMage's ghost
   572 | D:3      | Reached XP level 4. HP: 12/21 MP: 7/7
   611 | D:2      | Reached skill level 5 in Unarmed Combat
   698 | D:4      | Noticed an ogre
   781 | D:4      | Killed an ogre
   781 | D:4      | Reached skill level 6 in Unarmed Combat
   781 | D:4      | Reached XP level 5. HP: 24/24 MP: 8/8
   879 | D:2      | Noticed Sigmund
  1048 | D:5      | Entered Level 5 of the Dungeon
  1060 | D:5      | Gained mutation: You are covered in thick fur (AC +2). [growing up]
  1060 | D:5      | Gained mutation: You can jump attack at a medium distance. [growing up]
  1060 | D:5      | Reached XP level 6. HP: 28/28 MP: 10/10
  1104 | D:5      | Noticed OgreMage's ghost (experienced OgBe)
  1117 | D:5      | Slain by OgreMage's ghost
  1118 | D:5      | Reached XP level 5. HP: 0/36 MP: 8/8
  1144 | D:5      | Found a staircase to the Ecumenical Temple.
  1150 | D:5      | Reached skill level 7 in Unarmed Combat
  1323 | D:4      | Found an opulent altar of Gozag.
  1365 | D:4      | Reached XP level 6. HP: 28/28 MP: 10/10
  1484 | D:5      | Noticed Eustachio
  1486 | D:5      | Noticed an ice beast
  1495 | D:5      | Killed an ice beast
  1495 | D:5      | Reached skill level 8 in Unarmed Combat
  1500 | D:5      | HP: 1/28 [orc wizard/magic dart (5)]
  1550 | D:5      | Noticed a moth of wrath
  1552 | D:5      | Found a bloodstained altar of Trog.
  1575 | D:5      | Slain by a black bear skeleton

Action                   |  1- 3 |  4- 6 || total
-------------------------+-------+-------++-------
Melee: Unarmed           |    68 |   151 ||   219
Invok: Berserk           |     3 |     6 ||     9
       Trog's Hand       |     1 |     4 ||     5
Evoke: Wand              |       |     1 ||     1
  Use: Scroll            |     2 |     4 ||     6
 Stab: Sleeping          |     1 |     3 ||     4
